 Dungeon Crawl Stone Soup version 0.26-a0-1147-g3780a7a11b (webtiles) character file.

Game seed: 2155600215728504457

368 gruber the Conjurer (level 6, -10/41 HPs)
             Began as a Demonspawn Fire Elementalist on Dec 22, 2020.
             Mangled by an orc wizard
             ... wielding a +4 dagger of electrocution
              (18 damage)
             ... on level 5 of the Dungeon.
             The game lasted 00:06:18 (6213 turns).

gruber the Conjurer (Demonspawn Fire Elementalist)  Turns: 6213, Time: 00:06:19

Health: -10/41     AC:  4    Str:  8    XL:     6   Next: 41%
Magic:  1/9        EV: 17    Int: 19    God:
Gold:   151        SH:  0    Dex: 13    Spells: 1/9 levels left

rFire    . . .     SeeInvis .   b - +5 spear (vamp)
rCold    . . .     Faith    .   (no shield)
rNeg     . . .     Spirit   .   q - +1 robe {Will+}
rPois    .         Reflect  .   o - +0 helmet
rElec    .         Harm     .   (no cloak)
rCorr    .         Rampage  .   (no gloves)
Will     +....                  (no boots)
Stlth    +.........             (no amulet)
HPRegen  0.13/turn              l - ring of flight
MPRegen  0.11/turn              (no ring)

@: agile
A: hooves 2, powered by pain 1
a: Evoke Flight


You were on level 5 of the Dungeon.
You visited 2 branches of the dungeon, and saw 6 of its levels.

You collected 151 gold pieces.

Inventory:

Hand Weapons
 b - a +5 vampiric spear (weapon)
Missiles
 h - 7 javelins
Armour
 o - a +0 helmet (worn)
 q - a +1 robe of willpower (worn)
Jewellery
 l - a ring of flight (left hand)
 r - an uncursed amulet of magic regeneration {unknown}
 t - an uncursed amulet of regeneration {unknown}
Scrolls
 d - 4 scrolls of identify {unknown}
 e - 3 scrolls of noise {unknown}
 f - a scroll of random uselessness {unknown}
 g - a scroll of magic mapping {unknown}
 k - 2 scrolls of remove curse {unknown}
 n - 2 scrolls of teleportation {unknown}
 u - a scroll of amnesia {unknown}
Potions
 a - a potion of might {unknown}
 c - 2 potions of lignification {unknown}
 i - 5 potions of heal wounds {unknown}
 j - a potion of cancellation {unknown}
 m - a potion of brilliance {unknown}
 p - a potion of ambrosia {unknown}
 s - a potion of flight {unknown}


   Skills:
 - Level 1.7 Dodging
 - Level 1.7 Stealth
 - Level 2.0 Spellcasting
 * Level 5.0 Conjurations
 + Level 4.7 Fire Magic


You had one spell level left.
You knew the following spells:

 Your Spells              Type           Power        Failure   Level
a - Foxfire               Conj/Fire      80%          2%          1
b - Conjure Flame         Conj/Fire      20%          7%          3
c - Sticky Flame          Conj/Fire      20%          22%         4

Your spell library contained the following spells:

 Spells                   Type           Power        Failure   Level
 Inner Flame              Hex/Fire       10%          19%         3
 Fireball                 Conj/Fire      10%          54%         5


Dungeon Overview and Level Annotations

Branches:
Dungeon (5/15)             Temple (1/1) D:4

Altars:
Dithmenos
Fedhas
Gozag
Hepliaklqana
Nemelex Xobeh
Qazlal
Ru
Trog
Yredelemnul
Zin
The Shining One


Innate Abilities, Weirdness & Mutations

You have hoof-like feet.
You sometimes gain a little power by taking damage.


Message History

The orc wizard casts a spell.
The orc wizard seems to speed up.
Unknown command.
You closely miss the orc wizard.
The orc wizard is moderately wounded.
The orc wizard gestures at you while chanting.
The puff of frost hits you.
The orc wizard hits you with a +4 dagger of electrocution.
Unknown command.
You barely miss the orc wizard.
The orc wizard is moderately wounded.
The orc wizard hits you with a +4 dagger of electrocution.
You are electrocuted!
You focus on the pain.
You feel agile all of a sudden.
The orc wizard hits you with a +4 dagger of electrocution.
* * * LOW HITPOINT WARNING * * *
The orc wizard hits you with a +4 dagger of electrocution.
* * * LOW HITPOINT WARNING * * *
You are electrocuted!!
You die...

#.........##.. ..
+.........'... ..
#.........##.# ##.
#.......###.# ..
##.....## #.# #o
##...## #..
##.###### ##'## ###
#..o#...# #.#
#.#.@...# ##.######
#...#...# #....>..#
######.####...###.#
#.# #.....##.#
#.####...###.#
#........###.###
######.#........
#.......###
#########


You could see an orc wizard (fast) and an orc.

Vanquished Creatures
  An orc priest (D:5)
  A hound (D:4)
  An iguana (D:5)
  3 orc wizards (D:4)
  Jessica (D:3)
  Robin (D:3)
  2 adders
  5 gnolls
  An ufetubus (D:5)
  An ooze (D:5)
  An adder skeleton (D:5)
  3 worms
  A dart slug (D:1)
  3 leopard geckos
  3 orcs
  6 bats (D:1)
  3 giant cockroaches
  10 goblins
  9 hobgoblins
  4 jackals (D:1)
  3 quokkas
  2 ball pythons
  6 frilled lizards
  A jackal skeleton (D:5)
  8 kobolds
  6 rats
86 creatures vanquished.

Vanquished Creatures (others)
  407 foxfires
407 creatures vanquished.

Grand Total: 493 creatures vanquished

Notes
Turn   | Place    | Note
-------+----------+-------------------------------------------
     0 | D:1      | gruber the Demonspawn Fire Elementalist began the quest for
                  | the Orb.
     0 | D:1      | Reached XP level 1. HP: 13/13 MP: 3/3
   282 | D:1      | Gained mutation: You have large cloven feet. [demonic
                  | ancestry]
   282 | D:1      | Reached XP level 2. HP: 19/19 MP: 0/5
  1292 | D:1      | You fall into a shaft and drop 1 floor!
  1516 | D:2      | Reached XP level 3. HP: 24/24 MP: 0/6
  1718 | D:2      | Learned a level 3 spell: Conjure Flame
  1733 | D:2      | Reached skill level 2 in Conjurations
  2110 | D:2      | Gained mutation: You have hoof-like feet. [demonic
                  | ancestry]
  2110 | D:2      | Reached XP level 4. HP: 30/30 MP: 2/7
  2590 | D:3      | Noticed Robin
  2795 | D:1      | Reached skill level 3 in Conjurations
  3480 | D:3      | Killed Robin
  3833 | D:3      | Found a shadowy altar of Dithmenos.
  4080 | D:3      | Noticed Jessica
  4085 | D:3      | Killed Jessica
  4086 | D:3      | Gained mutation: You sometimes gain a little power by
                  | taking damage. [demonic ancestry]
  4086 | D:3      | Reached XP level 5. HP: 35/35 MP: 2/8
  4487 | D:4      | Learned a level 4 spell: Sticky Flame
  4773 | D:4      | Reached skill level 4 in Conjurations
  4887 | D:4      | Reached XP level 6. HP: 41/41 MP: 1/9
  5280 | D:4      | Found a staircase to the Ecumenical Temple.
  5588 | Temple   | Entered the Ecumenical Temple
  5719 | D:5      | Entered Level 5 of the Dungeon
  6176 | D:5      | Reached skill level 5 in Conjurations
  6213 | D:5      | Mangled by an orc wizard

Illustrated notes

Levels and vault maps discovered:
D:1:      heliophobic_arrival_battle_scene, layout_loops_ring,
          palyth_stone_intersect
D:2:      layout_basic, kennysheep_generic_room_6
D:3:      layout_basic, nicolae_dithmenos_through_a_glass_darkly, uniq_jessica,
          uniq_robin
D:4:      layout_basic, minmay_temple_entry_nine_rooms
D:5:      layout_loops_corners
Temple:   jpeg_temple_clearing

Skill      XL: |  1  2  3  4  5  6 |
---------------+-------------------+-----
Fire Magic     | 3 4 |  4.7
Conjurations   | 2 3 4 5 |  5.0
Dodging        | |  1.7
Stealth        | |  1.7
Spellcasting   | |  2.0

Action                   |  1- 3 |  4- 6 || total
-------------------------+-------+-------++-------
Melee: Unarmed           |     2 |       ||     2
       Dagger            |    15 |     4 ||    19
       Kick              |     1 |     5 ||     6
       Spear             |       |    25 ||    25
 Cast: Foxfire           |    98 |   156 ||   254
 Stab: Sleeping          |       |     4 ||     4
Armor: Robe              |    14 |    10 ||    24
Dodge: Dodged            |    45 |    21 ||    66

Table legend: (Time is in decaauts)
 A = Elapsed time spent in this place.
 B = Non-inter-level travel time spent in this place.
 C = Inter-level travel time spent in this place.
 D = Time resting spent in this place.
 E = Time spent auto-exploring this place.
 F = Levels seen in this place.
 G = Mean time per level.
                   A        B        C        D        E       F      G
               +--------+--------+--------+--------+--------+-----+--------+
         Total |   6214 |   5919 |    295 |      0 |   5127 |   6 | 1035.7 |
       Dungeon |   6126 |   5846 |    280 |      0 |   5053 |   5 | 1225.2 |
        Temple |     88 |     74 |     14 |      0 |     74 |   1 |   88.0 |
               +--------+--------+--------+--------+--------+-----+--------+

Top non-repeatable levels by time:
     D:1: 1959 daAuts
     D:2: 1273 daAuts
     D:4: 1213 daAuts
     D:3: 1183 daAuts
     D:5: 496 daAuts
  Temple: 88 daAuts
